[Event "Early-Titled-Tuesday-Blitz-February-06-2024"]
[Site "Chess.com"]
[Date "2024.02.06"]
[Round "6"]
[White "CaspiIsrael"]
[Black "korkmaz16"]
[Result "0-1"]
[WhiteElo "2658"]
[BlackElo "2523"]
[TimeControl "180+1"]
[EndTime "9:07:22 PST"]
[Termination "korkmaz16 won by resignation"]

1. e4 e5 2. d4 exd4 3. Qxd4 Nc6 4. Qe3 Nf6 5. Bd2 g6 6. c4 Bg7 7.
Nc3 O-O 8. O-O-O Re8 9. f3 d6 10. Kb1 Be6 11. g4 Nd7 12. Nge2 Bxc4 13. h4 Nde5 14. Nf4 Bxf1 15. Rhxf1 Nc4 16. Qe2 Nxd2+ 17. Qxd2 Qxh4 18. Nfd5 Qd8 19. g5 Ne5 20. f4 Nc4 21. Qh2 c6 22. Rh1 cxd5 23. Qxh7+ Kf8 24. Nxd5 Rxe4 25.
Rd3 Nb6 26. Ne3 Rxf4 27. Qh2 Qxg5 28. Ng2 Rf2 29. Qxd6+ Kg8 30. Ne3 Rxb2+ 31. Kc1 Rxa2 32. Rhd1 Rc8+ 33. Kb1 Rb2+ 34. Ka1 Re2+ 35. Kb1 Rb2+ 36. Ka1 Rb3+ 37. Ka2 Rxd3 38. Rxd3 Qa5+ 39. Ra3 Qb5 40. Rb3 Qa4+ 41. Ra3 Qb5 42. Rb3 Qe2+ 43. Kb1 Qe1+ 44. Nd1 Nc4 45. Qd7 Nd2+ 46. Ka2 Rc2+ 47. Ka3 Nxb3 48. Qd8+ Bf8+ 49. Kxb3 Rc1 50. Nb2 Qc3+ 51.
Ka2 Rc2 0-1

[Event "Early-Titled-Tuesday-Blitz-February-06-2024"]
[Site "Chess.com"]
[Date "2024.02.06"]
[Round "6"]
[White "Gryffindorac8"]
[Black "Aariow"]
[Result "1-0"]
[WhiteElo "2371"]
[BlackElo "2488"]
[TimeControl "180+1"]
[EndTime "9:07:22 PST"]
[Termination "Gryffindorac8 won on time"]

1. d4 d5 2. c4 e6 3. Nf3 Nf6 4. g3 Be7 5. Bg2 O-O 6. O-O c6 7. Qc2 b6 8. Nbd2 Bb7 9. e4 Na6 10. e5 Nd7 11. a3 c5 12. cxd5 exd5 13. dxc5 bxc5 14. b3 Rc8 15. Bb2 Nc7 16. Rac1 Ne6 17. Rfd1 Qb6 18. Nf1 d4 19. N3d2 Nxe5 20. Nc4 Nxc4 21.
Qxc4 Bxg2 22. Kxg2 Rb8 23. Rd3 Ng5 24. Nd2 Rfe8 25.
h4 Qb7+ 26. Kh2 Ne6 27. Nf3 Bf6 28. Re1 a5 29. Ba1 Qc7 30. Nd2 Bxh4 31. Bxd4 Bxg3+ 32. fxg3 1-0

[Event "Early-Titled-Tuesday-Blitz-February-06-2024"]
[Site "Chess.com"]
[Date "2024.02.06"]
[Round "6"]
[White "N_I_Chess"]
[Black "LangesNasenhaar"]
[Result "0-1"]
[WhiteElo "2337"]
[BlackElo "2497"]
[TimeControl "180+1"]
[EndTime "9:07:23 PST"]
[Termination "LangesNasenhaar won on time"]

1. d4 g6 2. c4 Bg7 3. Nc3 c5 4. d5 Bxc3+ 5. bxc3 f5 6. h4 Nf6 7. Bg5 d6 8. e3 Nbd7 9. h5 Rg8 10. hxg6 hxg6 11. f3 Qa5 12. Qc2 Ne5 13. Nh3 Bd7 14. Rb1 O-O-O 15. Nf4 Rh8 16. Rxh8 Rxh8 17. Kd2 Rh1 18.
Be2 Rxb1 19. Qxb1 Nf7 20. Bxf6 exf6 21. Nxg6 Kc7 22. Bd3 Ne5 23. Nxe5 fxe5 24. Ke2 f4 25. exf4 exf4 26. Kf2 Qxc3 27. Qc2 Qd4+ 28. Kf1 a5 29. Qd2 Kb6 30. Qc2 a4 31. Be2 Ka5 32. Qb1 b6 33.
Qh7 Bc8 34. Qa7+ Ba6 35. Qc7 Qe5 0-1

[Event "Early-Titled-Tuesday-Blitz-February-06-2024"]
[Site "Chess.com"]
[Date "2024.02.06"]
[Round "6"]
[White "AryanTari"]
[Black "Gennady_Kozlov"]
[Result "1-0"]
[WhiteElo "2940"]
[BlackElo "2709"]
[TimeControl "180+1"]
[EndTime "9:07:26 PST"]
[Termination "AryanTari won by resignation"]

1. e4 e6 2. g3 d5 3. Bg2 Nf6 4. e5 Nfd7 5. f4 c5 6. Nf3 Nc6 7. O-O b5 8. c3 Bb7 9. d4 Qb6 10. Be3 Be7 11. Nbd2 f6 12. Qe2 c4 13. g4 O-O-O 14. b3 h5 15. gxh5 Na5 16. Nh4 Nf8 17.
f5 fxe5 18. dxe5 Bxh4 19. Bxb6 axb6 20. fxe6 Be7 21. Qg4 Rh6 22. Rf7 Nc6 23. Qxg7 Rh7 24. Qg4 Nxe5 25. Qf5 Nxf7 26. exf7+ Kb8 27. Re1 Bc5+ 28.
Kh1 Bc8 29. Qg5 Rd7 30. b4 Bd6 31. Qxd5 Bb7 32. Qxb5 Rhxf7 33. Bxb7 Kxb7 34. Nxc4 Bc7 35. Na5+ Ka7 36. Nc6+ Kb7 37. Ne5 Bxe5 38. Qxe5 Rf2 39. a4 Rdd2 40. a5 Nd7 41. Qg3 Nf6 42. h6 bxa5 43.
bxa5 Ka6 44. Kg1 Rf5 45. h7 Nxh7 46. Qg6+ Rf6 47. Qxh7 Rdd6 48. Qh5 Rg6+ 49. Kh1 Rgf6 50. Qe5 Rh6 51. Rb1 Rd2 52. Qb5+ 1-0

[Event "Early-Titled-Tuesday-Blitz-February-06-2024"]
[Site "Chess.com"]
[Date "2024.02.06"]
[Round "6"]
[White "APOKALIPSA13"]
[Black "Binary010"]
[Result "0-1"]
[WhiteElo "2226"]
[BlackElo "2857"]
[TimeControl "180+1"]
[EndTime "9:07:26 PST"]
[Termination "Binary010 won by checkmate"]

1. e4 c5 2. Nf3 d6 3. d4 cxd4 4.
Nxd4 Nf6 5. Nc3 a6 6. Rg1 h5 7. h3 g6 8. g4 hxg4 9. hxg4 Bg7 10. Be3 Nc6 11. Nb3 b5 12. f3 Be6 13. Qd2 Rc8 14. Nd4 Nxd4 15. Bxd4 Kf8 16. O-O-O b4 17. Nd5 Bxd5 18. exd5 a5 19. Bb5 Qc7 20. Bc6 Rh3 21.
Qd3 e5 22. Bf2 e4 23. Qb5 Rb8 24. Qc4 Rxf3 25. Bd4 Qe7 26. Rdf1 Rxf1+ 27. Rxf1 Nxg4 28. Rf4 f5 29. Bxg7+ Kxg7 30. Ba4 Qg5 31. Qd4+ Kh6 32. Qd2 e3 33. Qd4 e2 34. Kd2 Re8 35. Ke1 Ne5 36. Rh4+ Kg7 37. Kxe2 Qg2+ 38. Kd1 Qf1+ 39. Kd2 Kg8 40.
Rf4 Nf3+ 41. Rxf3 Qxf3 42. Bb5 Qe4 43. Qf6 Qe3+ 44. Kd1 Qe1# 0-1

[Event "Early-Titled-Tuesday-Blitz-February-06-2024"]
[Site "Chess.com"]
[Date "2024.02.06"]
[Round "6"]
[White "chegueps"]
[Black "adotand"]
[Result "0-1"]
[WhiteElo "2649"]
[BlackElo "2896"]
[TimeControl "180+1"]
[EndTime "9:07:27 PST"]
[Termination "adotand won by resignation"]

1. e4 c5 2. Nf3 Nc6 3. Bb5 e6 4. Bxc6 bxc6 5. d3 Qc7 6. e5 f6 7.
Qe2 Ne7 8. Na3 Ng6 9. Nc4 Ba6 10. exf6 gxf6 11. g3 O-O-O 12. Bd2 Re8 13. Ba5 Qb8 14. O-O-O d5 15. Ne3 Bd6 16. h4 h5 17. Kb1 Kb7 18. c4 Ka8 19. Qc2 d4 20. Nf1 e5 21. N1d2 Bc8 22.
Ne4 Be7 23. Qa4 Qb7 24. Nfd2 f5 25. Ng5 Bd6 26. Ka1 Re7 27. Rb1 Qa6 28. Qa3 Nf8 29. Rhe1 Nd7 30. f4 Rhe8 31. fxe5 Bxe5 32. Nb3 Bd6 33. Nf7 Rxe1 34. Nxd6 Rxb1+ 35. Kxb1 Re5 36. Qa4 Re3 37. Qa3 Rxd3 38. Nxc5 Rxa3 39. Nxa6 Rxa5 40. Nb4 Bb7 41. Nd3 c5 42. Nxf5 Ra6 43. Ng7 Be4 44. Nxh5 0-1

[Event "Early-Titled-Tuesday-Blitz-February-06-2024"]
[Site "Chess.com"]
[Date "2024.02.06"]
[Round "6"]
[White "ChessLebaneseSalah"]
[Black "Kostukov_Alex"]
[Result "1-0"]
[WhiteElo "2449"]
[BlackElo "2300"]
[TimeControl "180+1"]
[EndTime "9:07:27 PST"]
[Termination "ChessLebaneseSalah won on time"]

1. e4 c5 2. Nf3 g6 3. d4 cxd4 4.
Nxd4 Bg7 5. c4 Nc6 6. Be3 Nf6 7. Nc3 O-O 8. f3 Qb6 9. Na4 Qa5+ 10. Nc3 Qb6 11. Qb3 Nxd4 12. Qxb6 Nxf3+ 13. gxf3 axb6 14. Bxb6 d6 15. a4 Nd7 16. Be3 Ne5 17. Kf2 Be6 18. Nd5 Bxd5 19. cxd5 f5 20. f4 fxe4 21. Kg3 Nf3 22.
Ra2 g5 23. fxg5 Be5+ 24. Kh3 Nxh2 25. Bg2 Nf3 26. b4 Rac8 27. Rc1 Rxc1 28. Bxc1 Rf5 29.
b5 h6 30. Kg4 Rf8 31. gxh6 Kh7 32. Bxf3 exf3 33. Be3 Rf7 34. a5 Rf8 35. a6 bxa6 36. bxa6 1-0

[Event "Early-Titled-Tuesday-Blitz-February-06-2024"]
[Site "Chess.com"]
[Date "2024.02.06"]
[Round "6"]
[White "starworld123"]
[Black "Jospem"]
[Result "0-1"]
[WhiteElo "2828"]
[BlackElo "3057"]
[TimeControl "180+1"]
[EndTime "9:07:28 PST"]
[Termination "Jospem won on time"]

1. Nf3 c5 2. e3 Nf6 3. d4 e6 4.
Be2 b6 5. O-O Bb7 6. b3 Be7 7.
Bb2 O-O 8. Nbd2 d6 9. c4 Nbd7 10. Qc2 Rc8 11. Rad1 a6 12. Rfe1 cxd4 13. exd4 Re8 14.
Qb1 h6 15. Bf1 Qc7 16. g3 Bf8 17. Bg2 Qb8 18. b4 b5 19. c5 Qa8 20. Nh4 Bxg2 21.
Nxg2 a5 22. a3 axb4 23. axb4 Nd5 24. Ne4 Nxb4 25. cxd6 Nd5 26. Rc1 Qa6 27. Ne3 Nxe3 28. Rxe3 Rxc1+ 29. Qxc1 Bxd6 30. Rc3 Bf8 31. Rc7 Rd8 32.
Qf4 f5 33. Qh4 Qa8 34. d5 fxe4 35. dxe6 e3 36. fxe3 Nf6 37. Bxf6 Rd1+ 38. Kf2 Qa2+ 39. Kf3 Rf1+ 40. Kg4 Qxe6+ 0-1

[Event "Early-Titled-Tuesday-Blitz-February-06-2024"]
[Site "Chess.com"]
[Date "2024.02.06"]
[Round "6"]
[White "esrosenberg"]
[Black "Yan_Dyomin2010"]
[Result "1/2-1/2"]
[WhiteElo "2438"]
[BlackElo "2584"]
[TimeControl "180+1"]
[EndTime "9:07:28 PST"]
[Termination "Game drawn by repetition"]

1. c4 g6 2. Nc3 c5 3. g3 Bg7 4. Bg2 Nc6 5. a3 d6 6. Nf3 Qd7 7. d3 b6 8. Bd2 Bb7 9. Rb1 e6 10. O-O Nge7 11. b4 O-O 12. b5 Nd4 13. e3 Nxf3+ 14. Bxf3 Bxf3 15. Qxf3 d5 16. cxd5 exd5 17. a4 d4 18. Ne4 Nd5 19. exd4 Bxd4 20. Bh6 Rfe8 21.
Rbe1 Bg7 22. Bxg7 Kxg7 23. h4 h5 24. Ng5 Nf6 25. Re3 Rad8 26. Rfe1 Rxe3 27. Rxe3 Re8 28. Rxe8 Nxe8 29. Qf4 Nf6 30. Ne4 Qe7 31. Nxf6 Qxf6 32. Qe4 Kg8 33. Kg2 Kg7 34. Kg1 Qc3 35. Kg2 Kf6 36.
Qf4+ Ke6 37. Qc7 Qxd3 38. Qxa7 Qd5+ 39. Kg1 Qd6 40. a5 bxa5 41. b6 Qd1+ 42. Kg2 Qd5+ 43. Kh2 Qf3 44. Kg1 Qd1+ 45. Kg2 Qd5+ 46. Kg1 Qd1+ 1/2-1/2

[Event "Early-Titled-Tuesday-Blitz-February-06-2024"]
[Site "Chess.com"]
[Date "2024.02.06"]
[Round "6"]
[White "viniciusrego"]
[Black "marsofsilva"]
[Result "1-0"]
[WhiteElo "2447"]
[BlackElo "2060"]
[TimeControl "180+1"]
[EndTime "9:07:28 PST"]
[Termination "viniciusrego won on time"]

1. e4 c5 2. Nf3 Nc6 3. d4 cxd4 4. Nxd4 e5 5. Nb5 d6 6. c4 Be6 7. Be2 Be7 8. O-O Nf6 9. N5c3 O-O 10. Be3 a6 11. Nd2 Rc8 12. Nd5 Bxd5 13. exd5 Nd4 14.
Bd3 b5 15. Bxd4 exd4 16. cxb5 axb5 17. Nb3 Qb6 18. Nxd4 Nxd5 19. Bxh7+ Kxh7 20. Qh5+ Kg8 21. Qxd5 Rc5 22. Qf3 Bf6 23. Rad1 Rg5 24. Qe3 Qb7 25. f3 Qd7 26. Kh1 Re8 27. Qf2 Rh5 28. b3 b4 29.
Qd2 Qb7 30. Nc2 Bc3 31. Qd3 d5 32. a3 Qc7 33. f4 g5 34. Nxb4 gxf4 35. Nxd5 Rxd5 36.
Qxd5 Re2 37. Qf3 Rb2 38. b4 1-0

[Event "Early-Titled-Tuesday-Blitz-February-06-2024"]
[Site "Chess.com"]
[Date "2024.02.06"]
[Round "6"]
[White "MaxLeto"]
[Black "arnash_bauyrzhan"]
[Result "0-1"]
[WhiteElo "2467"]
[BlackElo "2268"]
[TimeControl "180+1"]
[EndTime "9:07:29 PST"]
[Termination "arnash_bauyrzhan won by resignation"]

1. g4 d6 2. Bg2 Nc6 3. h3 e5 4. c3 Be6 5. d4 exd4 6. cxd4 d5 7.
Nc3 Bb4 8. Nf3 Nf6 9. Qb3 Qd7 10.
Bd2 O-O-O 11. O-O-O Bxc3 12. Bxc3 Ne4 13. Be1 h5 14. g5 f6 15. gxf6 gxf6 16. Kb1 Rhg8 17.
Bf1 Kb8 18. e3 Ne7 19. Rc1 Rc8 20. Ka1 Ka8 21. a3 c5 22. Bb5 Qd6 23. dxc5 Nxc5 24.
Qd1 Nb3+ 25. Qxb3 Rxc1+ 26. Ka2 d4 27. Nxd4 Bxb3+ 28. Nxb3 Qd5 29. f3 Rxe1 30. Rxe1 Qxb5 31. Nd4 Qc4+ 32. Kb1 Nc6 33. Nc2 Rg2 34. Rc1 Qb3 35. f4 a6 36. f5 Na5 0-1

[Event "Early-Titled-Tuesday-Blitz-February-06-2024"]
[Site "Chess.com"]
[Date "2024.02.06"]
[Round "6"]
[White "Sadykov_Ramil"]
[Black "jacky72"]
[Result "0-1"]
[WhiteElo "2602"]
[BlackElo "2812"]
[TimeControl "180+1"]
[EndTime "9:07:31 PST"]
[Termination "jacky72 won by resignation"]

1. e4 g6 2. d4 Bg7 3. c4 Nc6 4. Be3 d6 5. Nc3 e5 6. Nge2 exd4 7. Nxd4 Nxd4 8. Bxd4 Nf6 9. g3 O-O 10. Bg2 Re8 11.
O-O c6 12. Qd3 Be6 13. Rad1 Qe7 14. b3 Red8 15. h3 h5 16. Kh1 h4 17. g4 Ne8 18.
Be3 Nc7 19. f4 f5 20. exf5 gxf5 21. g5 d5 22. cxd5 Nxd5 23. Nxd5 Bxd5 24. Qe2 Re8 25.
Rxd5 cxd5 26. Bxd5+ Kf8 27. Qh5 Rad8 28. Bc5 Rxd5 29. Bxe7+ Rxe7 30. Rc1 Rd8 31. Qh7 Rf7 32. Qxh4 Kg8 33. g6 Rfd7 34. Qh5 Rd5 35. h4 Kf8 36. Qh7 Rd4 37. h5 Rxf4 38. h6 Rh4+ 39. Kg2 Rxh6 0-1

[Event "Early-Titled-Tuesday-Blitz-February-06-2024"]
[Site "Chess.com"]
[Date "2024.02.06"]
[Round "6"]
[White "GelmanAlexander"]
[Black "zverr1"]
[Result "1-0"]
[WhiteElo "2781"]
[BlackElo "2567"]
[TimeControl "180+1"]
[EndTime "9:07:31 PST"]
[Termination "GelmanAlexander won by resignation"]

1. c4 c5 2. d3 Nc6 3. e3 g6 4. a3 Bg7 5. Nf3 e5 6. Nc3 Nge7 7. Be2 O-O 8. O-O d5 9. cxd5 Nxd5 10. Ne4 b6 11. Qc2 Nde7 12. Bd2 h6 13. Rac1 Be6 14. b4 cxb4 15. axb4 a5 16. bxa5 f5 17. Ng3 bxa5 18. Rfd1 a4 19. d4 e4 20. Ne5 Nxe5 21.
dxe5 Qb6 22. Rb1 Qc6 23. Qxc6 Nxc6 24. Rb6 Rfc8 25. Rc1 Nxe5 26. Rxe6 a3 27. Rxc8+ Rxc8 28. Ra6 Rc2 29. Nf1 a2 30. Bd1 Rb2 31. Rxa2 Nd3 32. Rxb2 Nxb2 33. Bb3+ Kh7 34. h4 Bf6 35. g3 Nd3 36.
Kg2 g5 37. h5 Nc5 38. Bf7 Kg7 39. Bg6 f4 40. exf4 gxf4 41. Bxf4 Ne6 42. Ne3 Bd4 43.
Nf5+ Kf6 44. Nxd4 Nxd4 45. Bxh6 e3 46. Bxe3 Ne6 47. Bd3 Kg7 48. g4 Kh8 49. f4 Nf8 50. f5 Nh7 51. Kg3 Nf6 52. Bd4 Kh7 53. Bxf6 Kh6 54.
Bc3 Kh7 55. g5 Kg8 56. g6 Kf8 57. h6 Kg8 58. h7+ 1-0

[Event "Early-Titled-Tuesday-Blitz-February-06-2024"]
[Site "Chess.com"]
[Date "2024.02.06"]
[Round "6"]
[White "CSB7"]
[Black "Casper"]
[Result "0-1"]
[WhiteElo "2725"]
[BlackElo "2532"]
[TimeControl "180+1"]
[EndTime "9:07:31 PST"]
[Termination "Casper won by resignation"]

1. e4 g6 2. d4 Bg7 3. Nf3 d6 4. Be2 Bg4 5. Nbd2 Nc6 6. c3 e5 7. dxe5 Nxe5 8. Nxe5 Bxe2 9. Qxe2 Bxe5 10. Qb5+ c6 11.
Qxb7 Ne7 12. Nf3 O-O 13. Nxe5 dxe5 14. Bg5 f6 15. Rd1 Qe8 16. Qb3+ Kg7 17. Be3 Rb8 18. Qa3 f5 19. Bc5 Rf7 20. exf5 Nxf5 21. O-O Qe6 22. f3 Rb5 23. Bf2 Rfb7 24. b3 e4 25. c4 Re5 26. f4 e3 27. fxe5 Qxe5 28. Bxe3 Qxe3+ 29. Rf2 Re7 30. Rf1 Nd4 31. Qc1 Ne2+ 32. Kh1 Nxc1 0-1

[Event "Early-Titled-Tuesday-Blitz-February-06-2024"]
[Site "Chess.com"]
[Date "2024.02.06"]
[Round "6"]
[White "bylavochka"]
[Black "atalz0"]
[Result "0-1"]
[WhiteElo "2284"]
[BlackElo "2478"]
[TimeControl "180+1"]
[EndTime "9:07:31 PST"]
[Termination "atalz0 won on time"]

1. e4 d5 2. exd5 Nf6 3. d4 Nxd5 4. Nf3 Bg4 5. Be2 Nc6 6. O-O e6 7. c3 Be7 8. Nbd2 O-O 9. Nc4 Bf6 10. Nfe5 Bxe2 11.
Qxe2 Nxe5 12. Nxe5 c6 13. Re1 a5 14. a4 Qc7 15. Bd2 Rfe8 16. Qf3 c5 17. Ng4 cxd4 18.
Nxf6+ Nxf6 19. cxd4 Qb6 20. Bg5 Qxd4 21. Red1 Qxb2 22.
Rab1 Qe5 23. Bxf6 Qxf6 24. Qxf6 gxf6 25. Rxb7 Reb8 26. Rdd7 Rxb7 27. Rxb7 Rc8 28. Rb1 Rc4 29. Ra1 Kf8 30. Kf1 Ke7 31. Ke2 Kd6 32. Kd3 Kc5 33. h4 Rxh4 34. g3 Rg4 35. Ke3 Kb4 36. Kf3 h5 0-1

[Event "Early-Titled-Tuesday-Blitz-February-06-2024"]
[Site "Chess.com"]
[Date "2024.02.06"]
[Round "6"]
[White "DenLaz"]
[Black "Vladimir_Zakhartsov"]
[Result "1-0"]
[WhiteElo "3059"]
[BlackElo "2828"]
[TimeControl "180+1"]
[EndTime "9:07:32 PST"]
[Termination "DenLaz won on time"]

1. d4 Nf6 2. c4 e6 3. Nf3 c5 4. d5 exd5 5. cxd5 b5 6. e4 Nxe4 7. Bxb5 Qa5+ 8. Nfd2 Nd6 9. Bd3 Be7 10. O-O O-O 11.
Nc3 Ba6 12. Nde4 Nxe4 13. Nxe4 d6 14. Bf4 Qb6 15. Re1 Nd7 16. Bxa6 Qxa6 17. Nxc5 Nxc5 18.
Rxe7 Rab8 19. b3 Rfe8 20. Rxe8+ Rxe8 21. Be3 Ne4 22. Qd4 Re7 23. h3 h6 24. a4 Qe2 25.
b4 Qc2 26. Kh2 Qb3 27. Bf4 Nf6 28. Bxd6 Rd7 29. Bc5 Rxd5 30. Qe3 Qb2 31. Re1 a6 32.
a5 Qc2 33. Qe2 Qxe2 34. Rxe2 Nd7 35. Re8+ Kh7 36. Rd8 Kg6 37. Be3 Kf5 38. b5 axb5 39. a6 Nf6 40. Rb8 1-0

[Event "Early-Titled-Tuesday-Blitz-February-06-2024"]
[Site "Chess.com"]
[Date "2024.02.06"]
[Round "6"]
[White "santosalberto1987"]
[Black "scarabee43"]
[Result "0-1"]
[WhiteElo "2579"]
[BlackElo "2873"]
[TimeControl "180+1"]
[EndTime "9:07:32 PST"]
[Termination "scarabee43 won on time"]

1. e4 c5 2. Nf3 e6 3. g3 Nc6 4. Bg2 Nf6 5. Qe2 d5 6. exd5 Nxd5 7. O-O Be7 8. Rd1 Nc7 9. d4 cxd4 10. c3 Bf6 11.
Be3 Nd5 12. Bxd4 Nxd4 13. Nxd4 O-O 14. Na3 Bd7 15. Nc4 Ba4 16. Rd2 Qc7 17. Ne3 Nxe3 18. Qxe3 Rfd8 19. b3 Be8 20. Rad1 Rac8 21. c4 a6 22. h4 b5 23. cxb5 axb5 24. Nf3 h6 25.
Rxd8 Rxd8 26. Rxd8 Qxd8 27. Qd2 Qc7 28. Qd3 Qc5 29.
Nd2 Qc1+ 30. Kh2 Qb2 31. Ne4 Bd4 32. f4 Bc6 33. Kh3 Kf8 34. Bf3 Ke7 35. Nd2 Bd7 36.
Be4 Qxa2 37. Qxd4 e5+ 0-1

[Event "Early-Titled-Tuesday-Blitz-February-06-2024"]
[Site "Chess.com"]
[Date "2024.02.06"]
[Round "6"]
[White "Akylbek2021"]
[Black "FM_VS99"]
[Result "0-1"]
[WhiteElo "2306"]
[BlackElo "2623"]
[TimeControl "180+1"]
[EndTime "9:07:32 PST"]
[Termination "FM_VS99 won on time"]

1. d4 Nf6 2. c4 c5 3. Nf3 g6 4. Nc3 cxd4 5. Nxd4 Bg7 6. g3 O-O 7. Bg2 Qc7 8. b3 d5 9. O-O dxc4 10. Bf4 Qa5 11.
Ncb5 Na6 12. bxc4 Qd8 13. Qc1 Nc5 14. Rd1 Bd7 15. Qa3 Qc8 16. Nc7 Nh5 17. Nxa8 Nxf4 18.
gxf4 Ne6 19. Nxe6 Bxe6 20. Rab1 Qxa8 21. Rxb7 Qc8 22. Qxa7 Qxc4 23. e3 Qe2 24. Rbb1 Bf6 25. Qa3 Bh4 26. Rf1 Qg4 27. Kh1 Bf6 28. e4 Qxf4 29.
Qf3 Qh6 30. a4 Be5 31. h3 Rd8 32. a5 Bc4 33. Rfd1 Ra8 0-1

[Event "Early-Titled-Tuesday-Blitz-February-06-2024"]
[Site "Chess.com"]
[Date "2024.02.06"]
[Round "6"]
[White "SHIVACalypso"]
[Black "YurasovMat-2012"]
[Result "0-1"]
[WhiteElo "2506"]
[BlackElo "2658"]
[TimeControl "180+1"]
[EndTime "9:07:32 PST"]
[Termination "YurasovMat-2012 won by resignation"]

1. c4 c6 2. g3 Nf6 3. Bg2 d5 4. Nf3 Bf5 5. O-O e6 6. d4 Nbd7 7. Nc3 h6 8. Nd2 Bh7 9. e4 dxe4 10. Ndxe4 Be7 11. Bf4 O-O 12. Re1 Nb6 13. c5 Nxe4 14. Bxe4 Bxe4 15. Nxe4 Nd5 16. Bd6 Bxd6 17. Nxd6 b6 18. Rc1 Rb8 19. b3 bxc5 20. dxc5 Qa5 21. Qc2 Nb4 22. Qc3 Qa6 23. Ra1 Nd5 24. Qc2 Qa5 25.
Re4 Rb4 26. Rae1 Qa6 27. Rxb4 Nxb4 28. Qd2 Nd3 29. Re4 Nxc5 30. Rg4 Qd3 31. Qxd3 Nxd3 32. Ra4 Rd8 33. Nc4 Rd7 34. Ra6 c5 35. Rc6 Nb4 36. Rxc5 Nxa2 37. Ne5 Rb7 38. Ra5 Nc1 39. Nc6 Nxb3 40.
Rxa7 Rxa7 41. Nxa7 e5 42. Nc6 f6 43. Kg2 Kf7 44.
Nb4 Ke6 45. Nd3 Kd5 46. Nb4+ Kc5 47. Na6+ Kd6 48. Nb4 Nd4 49. h4 f5 50. Nd3 e4 51.
Nf4 g5 52. hxg5 hxg5 53. Nh3 Nf3 54. g4 fxg4 55. Nxg5 Nxg5 56. Kg3 Ke5 57. Kxg4 Nf3 58. Kg3 Kd4 59. Kf4 Kd3 60. Kf5 Nd2 61. Kf4 Ke2 62. Kg3 Kf1 63. f4 exf3 0-1

[Event "Early-Titled-Tuesday-Blitz-February-06-2024"]
[Site "Chess.com"]
[Date "2024.02.06"]
[Round "6"]
[White "SoyuzTM4"]
[Black "AlexandraSamaganova"]
[Result "1-0"]
[WhiteElo "2223"]
[BlackElo "2352"]
[TimeControl "180+1"]
[EndTime "9:07:32 PST"]
[Termination "SoyuzTM4 won by resignation"]

1. e4 c5 2. d4 cxd4 3. c3 Nf6 4. e5 Nd5 5. Qxd4 e6 6. Nf3 Nc6 7. Qe4 d6 8. exd6 Bxd6 9. Bc4 Nf6 10. Qe2 O-O 11. O-O h6 12. Na3 a6 13. Bd3 b5 14.
Nc2 Bb7 15. a4 b4 16. Rd1 bxc3 17. bxc3 Qc7 18. Ba3 Bxa3 19. Rxa3 Rfd8 20. Ncd4 Na5 21. Ne5 Qe7 22. Raa1 Rac8 23. Bxa6 Rxc3 24. Bxb7 Nxb7 25. Nec6 Rxc6 26. Nxc6 Rxd1+ 27. Rxd1 Qc7 28. Qb5 Nd5 29. Rb1 Nd6 30. Qb8+ Qxb8 31. Rxb8+ Kh7 32. a5 Nc7 33. Nb4 Ne4 34. a6 Nc3 35. a7 Ne2+ 36. Kf1 Nd4 1-0

[Event "Early-Titled-Tuesday-Blitz-February-06-2024"]
[Site "Chess.com"]
[Date "2024.02.06"]
[Round "6"]
[White "Nasrin_Babayeva"]
[Black "FMCarmona"]
[Result "1-0"]
[WhiteElo "1931"]
[BlackElo "2136"]
[TimeControl "180+1"]
[EndTime "9:07:32 PST"]
[Termination "Nasrin_Babayeva won on time"]

1. e4 e5 2. Nf3 Nc6 3. d3 Nf6 4. Nbd2 Bc5 5. Be2 d6 6. c3 a5 7.
O-O O-O 8. Re1 Ng4 9. d4 exd4 10. cxd4 Nxd4 11. Nxd4 Nxf2 12. Qa4 Bd7 13. Qc4 b5 14. Qc3 Qf6 15. e5 Qxe5 16. N2f3 Qd5 17. Kxf2 Rfe8 18. Be3 Re7 19. Kf1 Rae8 20. Bf2 Bg4 21. Rad1 h5 22. h3 Bd7 23. Nxb5 Qxa2 24. Bxc5 dxc5 25. Qxc5 Rxe2 26. Rxe2 Rxe2 27. Kxe2 Qe6+ 28. Kf1 a4 29. Nbd4 Qe8 30. Qxc7 a3 31. bxa3 Ba4 32. Re1 Qa8 33. Qe7 Qa6+ 34. Kg1 1-0

[Event "Early-Titled-Tuesday-Blitz-February-06-2024"]
[Site "Chess.com"]
[Date "2024.02.06"]
[Round "6"]
[White "MatthewG-p4p"]
[Black "PabloZarnicki"]
[Result "1-0"]
[WhiteElo "2814"]
[BlackElo "2617"]
[TimeControl "180+1"]
[EndTime "9:07:33 PST"]
[Termination "MatthewG-p4p won on time"]

1. e4 e5 2. Nf3 Nf6 3. d4 Nxe4 4. Bd3 d5 5. Nxe5 Nd7 6. Nxd7 Bxd7 7. O-O Be7 8. Nc3 Nf6 9. Bg5 c6 10. Qf3 O-O 11.
Rae1 h6 12. Bh4 Be6 13. Ne2 g5 14. Bg3 Bg4 15. Qe3 Re8 16. f3 Bb4 17. Be5 Bxe1 18. fxg4 Nxg4 19. Bh7+ Kf8 20. Qa3+ Re7 21. Bd6 Bd2 22.
Ng3 Be3+ 23. Kh1 Ke8 24. Nf5 Re6 25. Ng7+ Kd7 26. Bf5 Nf2+ 27. Kg1 Ng4+ 28. Kh1 Nf2+ 29. Rxf2 Bxf2 30. Be5 Kc8 31. Nxe6 Qd7 32. Qf8+ 1-0

[Event "Early-Titled-Tuesday-Blitz-February-06-2024"]
[Site "Chess.com"]
[Date "2024.02.06"]
[Round "6"]
[White "edgarhay012"]
[Black "ChessSwole"]
[Result "1-0"]
[WhiteElo "2531"]
[BlackElo "2672"]
[TimeControl "180+1"]
[EndTime "9:07:33 PST"]
[Termination "edgarhay012 won by checkmate"]

1. e4 c5 2. Nc3 Nc6 3. Bb5 Nd4 4.
Bc4 e6 5. Nge2 a6 6. Nxd4 cxd4 7.
Ne2 b5 8. Bb3 Bc5 9. d3 Ne7 10.
O-O O-O 11. Ng3 Bb7 12. Qg4 Ng6 13. f4 Qh4 14. Qxh4 Nxh4 15. f5 h6 16. Rf4 g5 17.
fxg6 Nxg6 18. Rf2 Kh7 19. Nh5 f5 20. exf5 exf5 21. Bd2 Ne5 22. h3 Kg6 23. Nf4+ Kh7 24. Raf1 Rae8 25. Nh5 Kg6 26. Ng3 Rf6 27. Nxf5 Ref8 28.
Nh4+ Kg7 29. Rxf6 Rxf6 30. Rxf6 Kxf6 31. Bxh6 a5 32. a3 a4 33. Ba2 Nc6 34. Nf3 b4 35. Nd2 Kg6 36. Ne4 Be7 37. Bc1 d5 38. Bxd5 bxa3 39.
bxa3 Kf5 40. h4 Bxh4 41. Nc5 Ke5 42. Be4 Ba8 43. Nxa4 Bd8 44. Nc5 Be7 45. Nb3 Bb7 46.
a4 Nd8 47. Bxb7 Nxb7 48. a5 Nd8 49. a6 Nc6 50. g4 Bd8 51. Ba3 Kf4 52. Bc5 Bf6 53. a7 Nxa7 54. Bxa7 Kxg4 55. Bxd4 Bd8 56. Kf2 Kf4 57. Ke2 Kf5 58. Be3 Ke6 59. Nd4+ Kd5 60. c4+ Kc5 61. Ne6+ Kb4 62. Nxd8 Ka5 63. c5 Ka6 64. c6 Kb5 65. c7 Ka4 66. c8=Q Kb4 67. Qc4+ Ka5 68. Nb7# 1-0

[Event "Early-Titled-Tuesday-Blitz-February-06-2024"]
[Site "Chess.com"]
[Date "2024.02.06"]
[Round "6"]
[White "Predator0608"]
[Black "picturesquecheck"]
[Result "1-0"]
[WhiteElo "2533"]
[BlackElo "2386"]
[TimeControl "180+1"]
[EndTime "9:07:33 PST"]
[Termination "Predator0608 won by resignation"]

1. f4 d5 2. Nf3 g6 3. g3 Bg7 4.
Bg2 Nf6 5. O-O c5 6. d3 O-O 7.
Qe1 d4 8. e4 Nc6 9. h3 Ne8 10. g4 e6 11. Na3 a6 12. h4 f5 13.
gxf5 exf5 14. e5 Nc7 15. Nc4 Be6 16. Nd6 Rb8 17. Ng5 Qd7 18. h5 Bh6 19. hxg6 hxg6 20. Qg3 Bxg5 21. Qxg5 Kg7 22. Rf3 Qe7 23. Rg3 Qxg5 24.
Rxg5 Nd5 25. a3 Nce7 26. Bd2 Rh8 27. c4 dxc3 28. bxc3 Rh4 29. Be1 Rxf4 30. Bg3 Ra4 31. c4 Ne3 32. Bh4 Rh8 33. Bf2 Nxg2 34. Kxg2 b6 35. Rb1 Rxa3 36. Rxb6 f4 37. Rb7 Bh3+ 38. Kf3 Re8 39. Nxe8+ Kf8 40. Nd6 Rxd3+ 41. Ke4 Ra3 42. Bxc5 Bf5+ 43. Nxf5 gxf5+ 1-0

[Event "Early-Titled-Tuesday-Blitz-February-06-2024"]
[Site "Chess.com"]
[Date "2024.02.06"]
[Round "6"]
[White "rhungaski"]
[Black "Dubs123"]
[Result "1-0"]
[WhiteElo "2493"]
[BlackElo "2317"]
[TimeControl "180+1"]
[EndTime "9:07:33 PST"]
[Termination "rhungaski won by checkmate"]

1. e4 c5 2. Nf3 d6 3. d4 cxd4 4. Nxd4 Nf6 5. Nc3 a6 6. Be2 e5 7. Nb3 Be7 8. O-O O-O 9. Re1 Be6 10. Bf3 Nbd7 11. a4 Qc7 12. Nd2 Rfd8 13. Nf1 Rab8 14. a5 b5 15. axb6 Rxb6 16. Ne3 Rc8 17. Re2 Nc5 18.
Rd2 Qb7 19. Ned5 Nxd5 20. Nxd5 Bxd5 21. Rxd5 Ne6 22. c3 Nc7 23. Rda5 Ne6 24. Qd5 Qxd5 25. exd5 Nc5 26. b4 Nb3 27. Be3 Rbb8 28. Bg4 Rc7 29. Rxa6 Nxa1 30. Rxa1 Rxc3 31. Bd7 Rxb4 32. Ra8+ Bf8 33. g3 Rcb3 34. Bc6 Rb8 35. Ra7 Rb1+ 36. Kg2 R1b4 37. h3 f5 38. Bd7 g6 39. Bg5 h6 40. Bf6 Bg7 41. Be6+ Kf8 42. Bxg7+ Ke8 43. Bf7+ Kd8 44. Bf6+ Kc8 45. Be6# 1-0